3AAA
FLORIDA MEN @ HIALEAH DODOS
08/08/2027
 
TOP OF THE 1ST
Florida Men batting - Pitching for Hialeah Dodos : RHP Miguel Álvarez
Pitching: RHP Miguel Álvarez
Batting: SHB Luis Gutiérrez 0-0: Ball
1-0: Ball
2-0: Ground out U3 (Groundball, 3)
Batting: RHB Israel Sanders 0-0: Called Strike
0-1: Ball
1-1: Called Strike
1-2: Foul Ball, location: 2F
1-2: Ball
2-2: Foul Ball, location: 2F
2-2: Fly out, F9 (Flyball, 89S)
Batting: RHB Al Thomas 0-0: Ball
1-0: Fly out, F1 (Line Drive, 13)
Top of the 1st over - 0 run(s), 0 hit(s), 0 error(s), 0 left on base; Florida 0 - Hialeah 0
BOTTOM OF THE 1ST
Hialeah Dodos batting - Pitching for Florida Men : LHP Ray Neely
Pitching: LHP Ray Neely
Batting: RHB Jorge Salgado 0-0: Ground out 1-3 (Groundball, 13S)
Batting: LHB Errol Levick 0-0: Ball
1-0: Called Strike
1-1: Foul Ball, location: 2F
1-2: Foul Ball, location: 2F
1-2: Strikes out looking
Batting: RHB Luis Jelarde 0-0: Ball
1-0: Ground out 6-3 (Groundball, 6)
Bottom of the 1st over - 0 run(s), 0 hit(s), 0 error(s), 0 left on base; Florida 0 - Hialeah 0
TOP OF THE 2ND
Florida Men batting - Pitching for Hialeah Dodos : RHP Miguel Álvarez
Batting: LHB Bastyão Lizardo 0-0: Ball
1-0: SINGLE (Groundball, 6MD)
Batting: RHB Gilberto Patino 0-0: Swinging Strike
0-1: Called Strike
0-2: 2-RUN HOME RUN (Flyball, 8RXD), Distance : 430 ft
Batting: RHB Lorenzo Díaz 0-0: Ball
1-0: Ground out 5-3 (Groundball, 56)
Batting: RHB Jim Unknown 0-0: Foul Ball, location: 2F
0-1: Foul Ball, location: 2F
0-2: Ball
1-2: Ball
2-2: Ball
3-2: Ground out 5-3 (Groundball, 56S)
Batting: RHB Mesa Altuve 0-0: Called Strike
0-1: Ball
1-1: Ball
2-1: Swinging Strike
2-2: Ball
3-2: Base on Balls
Batting: RHB Jim Unknown 0-0: Ball
Mesa Altuve steals 2nd base
1-0: Fly out, F5 (Popup, 5)
Top of the 2nd over - 2 run(s), 2 hit(s), 0 error(s), 1 left on base; Florida 2 - Hialeah 0
BOTTOM OF THE 2ND
Hialeah Dodos batting - Pitching for Florida Men : LHP Ray Neely
Batting: SHB Luis Manuel Flores 0-0: Ball
1-0: Foul Ball, location: 2F
1-1: Called Strike
1-2: Foul Ball, location: 2F
1-2: Foul Ball, location: 2F
1-2: Ball
2-2: Ball
3-2: Foul Ball, location: 2F
3-2: Base on Balls
Batting: LHB Curt Wilson 0-0: Ball
1-0: Swinging Strike
1-1: DOUBLE (Line Drive, 9LM)
Luis Manuel Flores to third
Batting: RHB Daniel Ruíz 0-0: Ball
1-0: Ball
2-0: Called Strike
2-1: Foul Ball, location: 2F
2-2: Ball
3-2: Fly out, F8 (Line Drive, 89S)
Runner from 3rd tags up, SCORES, no throw
Batting: SHB Javier Gonzáles 0-0: Ball
1-0: Ball
2-0: Ball
3-0: Called Strike
3-1: Base on Balls
Batting: SHB Juan Perales 0-0: Called Strike
0-1: Ball
1-1: Swinging Strike
1-2: SINGLE (Groundball, 25) (infield hit)
Curt Wilson to third
Javier Gonzáles to second
Batting: RHB Armando García 0-0: Foul Ball, location: 2F
0-1: Ball
1-1: Foul Ball, location: 2F
1-2: Ball
2-2: SINGLE (Line Drive, 56D)
Curt Wilson scores
Javier Gonzáles to third
Juan Perales to second
Runner from 3rd tries for Home, throw and OUT!
Juan Perales to third
Armando García to second
Batting: RHB Jorge Salgado 0-0: Called Strike
0-1: Called Strike
0-2: Foul Ball, location: 2F
0-2: Ball
1-2: Foul Ball, location: 2F
1-2: Strikes out swinging
Bottom of the 2nd over - 2 run(s), 3 hit(s), 0 error(s), 2 left on base; Florida 2 - Hialeah 2
TOP OF THE 3RD
Florida Men batting - Pitching for Hialeah Dodos : RHP Miguel Álvarez
Batting: SHB Luis Gutiérrez 0-0: Called Strike
0-1: Foul Ball, location: 2F
0-2: Ball
1-2: Strikes out looking
Batting: RHB Israel Sanders 0-0: Called Strike
0-1: Foul Ball, location: 2F
0-2: Strikes out looking
Batting: RHB Al Thomas 0-0: Foul Ball, location: 2F
0-1: SINGLE (Line Drive, 9LS)
Batting: LHB Bastyão Lizardo 0-0: Swinging Strike
0-1: Swinging Strike
0-2: Foul Ball, location: 2F
0-2: Fielders Choice at 2nd, 4-6 (Groundball, 4)
Top of the 3rd over - 0 run(s), 1 hit(s), 0 error(s), 0 left on base; Florida 2 - Hialeah 2
BOTTOM OF THE 3RD
Hialeah Dodos batting - Pitching for Florida Men : LHP Ray Neely
Batting: LHB Errol Levick 0-0: Called Strike
0-1: Ball
1-1: Ball
2-1: Ball
3-1: Foul Ball, location: 2F
3-2: Foul Ball, location: 2F
3-2: Base on Balls
Batting: RHB Luis Jelarde 0-0: Ball
1-0: Foul Ball, location: 2F
1-1: Called Strike
1-2: Foul Ball, location: 2F
1-2: 2-RUN HOME RUN (Flyball, 8LXD), Distance : 437 ft
Batting: SHB Luis Manuel Flores 0-0: Swinging Strike
0-1: Swinging Strike
0-2: Ball
1-2: Ground out 5-3 (Groundball, 56)
Batting: LHB Curt Wilson 0-0: Swinging Strike
0-1: Ball
1-1: Ball
2-1: Ground out U3 (Groundball, 3)
Batting: RHB Daniel Ruíz 0-0: Called Strike
0-1: Foul Ball, location: 2F
0-2: Ball
1-2: Foul Ball, location: 2F
1-2: Ground out 5-3 (Groundball, 56)
Bottom of the 3rd over - 2 run(s), 1 hit(s), 0 error(s), 0 left on base; Florida 2 - Hialeah 4
TOP OF THE 4TH
Florida Men batting - Pitching for Hialeah Dodos : RHP Miguel Álvarez
Batting: RHB Gilberto Patino 0-0: Called Strike
0-1: Ball
1-1: Ball
2-1: Fly out, F9 (Flyball, 89D)
Batting: RHB Lorenzo Díaz 0-0: Ball
1-0: Fly out, F9 (Flyball, 89S)
Batting: RHB Jim Unknown 0-0: Called Strike
0-1: Ball
1-1: Ball
2-1: Foul Ball, location: 2F
2-2: Foul Ball, location: 2F
2-2: Ball
3-2: Ground out 6-3 (Groundball, 6)
Top of the 4th over - 0 run(s), 0 hit(s), 0 error(s), 0 left on base; Florida 2 - Hialeah 4
BOTTOM OF THE 4TH
Hialeah Dodos batting - Pitching for Florida Men : LHP Ray Neely
Batting: SHB Javier Gonzáles 0-0: Ball
1-0: Ball
2-0: Fly out, F4 (Line Drive, 34D)
Batting: SHB Juan Perales 0-0: SINGLE (Line Drive, 4D)
Batting: RHB Armando García 0-0: Ball
Juan Perales is caught stealing 2nd base
1-0: Fly out, F8 (Line Drive, 8LD)
Bottom of the 4th over - 0 run(s), 1 hit(s), 0 error(s), 0 left on base; Florida 2 - Hialeah 4
TOP OF THE 5TH
Florida Men batting - Pitching for Hialeah Dodos : RHP Miguel Álvarez
Batting: RHB Mesa Altuve 0-0: Ball
1-0: Ground out 4-3 (Groundball, 4)
Batting: RHB Jim Unknown 0-0: Ball
1-0: Fly out, F7 (Flyball, 7S)
Batting: SHB Luis Gutiérrez 0-0: Ball
1-0: Foul Ball, location: 2F
1-1: Ball
2-1: Swinging Strike
2-2: Ball
3-2: Strikes out swinging
Top of the 5th over - 0 run(s), 0 hit(s), 0 error(s), 0 left on base; Florida 2 - Hialeah 4
BOTTOM OF THE 5TH
Hialeah Dodos batting - Pitching for Florida Men : LHP Ray Neely
Batting: RHB Jorge Salgado 0-0: Ball
1-0: Called Strike
1-1: Fly out, F8 (Flyball, 8RM)
Batting: LHB Errol Levick 0-0: Called Strike
0-1: Ball
1-1: Foul Ball, location: 2F
1-2: Ball
2-2: Foul Ball, location: 2F
2-2: Foul Ball, location: 2F
2-2: Ball
3-2: Foul Ball, location: 2F
3-2: Ground out 5-3 (Groundball, 56)
Batting: RHB Luis Jelarde 0-0: Called Strike
0-1: Ball
1-1: Ball
2-1: Called Strike
2-2: Ball
3-2: Foul Ball, location: 2F
3-2: Foul Ball, location: 2F
3-2: SOLO HOME RUN (Line Drive, 7D), Distance : 381 ft
Batting: SHB Luis Manuel Flores 0-0: Ball
1-0: Called Strike
1-1: Ball
2-1: Called Strike
2-2: Ball
3-2: Base on Balls
Batting: LHB Curt Wilson 0-0: Ball
1-0: Ball
2-0: Foul Ball, location: 2F
2-1: Fielders Choice at 2nd, 4-6 (Groundball, 34)
Bottom of the 5th over - 1 run(s), 1 hit(s), 0 error(s), 0 left on base; Florida 2 - Hialeah 5
TOP OF THE 6TH
Florida Men batting - Pitching for Hialeah Dodos : RHP Miguel Álvarez
Batting: RHB Israel Sanders 0-0: Foul Ball, location: 2F
0-1: Ball
1-1: Ball
2-1: Fly out, F6 (Popup, 6)
Batting: RHB Al Thomas 0-0: Foul Ball, location: 2F
0-1: Called Strike
0-2: Foul Ball, location: 2F
0-2: Foul Ball, location: 2F
0-2: Ball
1-2: Ball
2-2: Strikes out swinging
Batting: LHB Bastyão Lizardo 0-0: Ball
1-0: Ball
2-0: Ball
3-0: Called Strike
3-1: SINGLE (Groundball, 4) (infield hit)
Batting: RHB Gilberto Patino 0-0: Ball
1-0: Swinging Strike
1-1: Ball
2-1: Called Strike
2-2: Strikes out swinging
Top of the 6th over - 0 run(s), 1 hit(s), 0 error(s), 1 left on base; Florida 2 - Hialeah 5
BOTTOM OF THE 6TH
Hialeah Dodos batting - Pitching for Florida Men : LHP Ray Neely
Batting: RHB Daniel Ruíz 0-0: Ball
1-0: Ball
2-0: Swinging Strike
2-1: SINGLE (Line Drive, 8RS)
Batting: SHB Javier Gonzáles 0-0: Ball
1-0: Ball
2-0: Ball
3-0: Called Strike
3-1: Sac Bunt - play at first, batter OUT! 3-4
Daniel Ruíz to second
Pitching: RHP Pompeyo Davalillo
Batting: SHB Juan Perales 0-0: Foul Ball, location: 2F
0-1: Foul Ball, location: 2F
0-2: Ball
1-2: Fly out, F9 (Line Drive, 9)
Runner from 2nd tags up, SAFE at 3rd with throw
Batting: RHB Armando García 0-0: SINGLE (Line Drive, 8LS)
Daniel Ruíz scores
Batting: RHB Jorge Salgado 0-0: Foul Ball, location: 2F
0-1: Called Strike
0-2: Ball
1-2: Strikes out looking
Bottom of the 6th over - 1 run(s), 2 hit(s), 0 error(s), 1 left on base; Florida 2 - Hialeah 6
TOP OF THE 7TH
Florida Men batting - Pitching for Hialeah Dodos : RHP Miguel Álvarez
Batting: RHB Lorenzo Díaz 0-0: Ball
1-0: Called Strike
1-1: Called Strike
1-2: Ground out 4-3 (Groundball, 4)
Batting: RHB Jim Unknown 0-0: Ball
1-0: Foul Ball, location: 2F
1-1: Ground out 5-3 (Groundball, 56)
Batting: RHB Mesa Altuve 0-0: Ball
1-0: Called Strike
1-1: Ground out 4-3 (Groundball, 4MD)
Top of the 7th over - 0 run(s), 0 hit(s), 0 error(s), 0 left on base; Florida 2 - Hialeah 6
BOTTOM OF THE 7TH
Hialeah Dodos batting - Pitching for Florida Men : RHP Pompeyo Davalillo
Batting: LHB Errol Levick 0-0: Ball
1-0: Ball
2-0: Called Strike
2-1: Fly out, F9 (Flyball, 9)
Batting: RHB Luis Jelarde 0-0: Called Strike
0-1: Ball
1-1: Ball
2-1: Foul Ball, location: 2F
2-2: Ball
3-2: Base on Balls
Batting: SHB Luis Manuel Flores 0-0: Ball
1-0: Ball
2-0: Ball
3-0: Base on Balls
Luis Jelarde to second
Batting: LHB Curt Wilson 0-0: Ball
1-0: Fielders Choice at 2nd, 6-4 (Groundball, 6)
Luis Jelarde to third
Batting: RHB Daniel Ruíz 0-0: Ball
1-0: Ball
2-0: Swinging Strike
2-1: Ball
3-1: Foul Ball, location: 2F
3-2: Strikes out swinging
Bottom of the 7th over - 0 run(s), 0 hit(s), 0 error(s), 2 left on base; Florida 2 - Hialeah 6
TOP OF THE 8TH
Florida Men batting - Pitching for Hialeah Dodos : RHP Miguel Álvarez
Batting: RHB Jim Unknown 0-0: Called Strike
0-1: Foul Ball, location: 2F
0-2: Ball
1-2: Ball
2-2: Ground out 4-3 (Groundball, 4)
Pitching: RHP Olegário Pa
Batting: SHB Luis Gutiérrez 0-0: Called Strike
0-1: Ball
1-1: Ball
2-1: Reached on error, E5 (Groundball, 56S)
Batting: RHB Israel Sanders 0-0: Ground out 5-3 (Groundball, 56S)
Luis Gutiérrez to second
Batting: RHB Al Thomas 0-0: Ball
1-0: Foul Ball, location: 2F
1-1: Called Strike
1-2: Fly out, F6 (Line Drive, 6D)
Top of the 8th over - 0 run(s), 0 hit(s), 1 error(s), 1 left on base; Florida 2 - Hialeah 6
BOTTOM OF THE 8TH
Hialeah Dodos batting - Pitching for Florida Men : RHP Pompeyo Davalillo
Batting: SHB Javier Gonzáles 0-0: Foul Ball, location: 2F
0-1: Ball
1-1: Called Strike
1-2: Foul Ball, location: 2F
1-2: Strikes out swinging
Batting: SHB Juan Perales 0-0: Called Strike
0-1: Ball
1-1: Fly out, F8 (Flyball, 8RM)
Batting: RHB Armando García 0-0: Ball
1-0: Foul Ball, location: 2F
1-1: Foul Ball, location: 2F
1-2: Fly out, F5 (Line Drive, 5)
Bottom of the 8th over - 0 run(s), 0 hit(s), 0 error(s), 0 left on base; Florida 2 - Hialeah 6
TOP OF THE 9TH
Florida Men batting - Pitching for Hialeah Dodos : RHP Olegário Pa
Batting: LHB Bastyão Lizardo 0-0: Called Strike
0-1: Ball
1-1: Foul Ball, location: 2F
1-2: Ground out 4-3 (Groundball, 4)
Batting: RHB Gilberto Patino 0-0: Foul Ball, location: 2F
0-1: Called Strike
0-2: SINGLE (Groundball, 34D)
Batting: RHB Lorenzo Díaz 0-0: Ball
1-0: Ball
2-0: Fielders Choice at 2nd, 5-4 (Groundball, 56)
Batting: RHB Jim Unknown 0-0: Ball
1-0: Ball
2-0: DOUBLE (Groundball, 5L)
Lorenzo Díaz to third
Pitching: RHP Earnest Casey
Batting: RHB Mesa Altuve 0-0: Called Strike
0-1: Ball
1-1: Ball
2-1: Fly out, F6 (Line Drive, 6)
Top of the 9th over - 0 run(s), 2 hit(s), 0 error(s), 2 left on base; Florida 2 - Hialeah 6
Saturday, May 26th, 2018 - OOTP Baseball 17.12 Build 75